 Dungeon Crawl Stone Soup version 0.30-a0-12-gd8047c6341 (webtiles) character file.

Game seed: 11470982244009520012

1087 Sobieck the Shooter (level 8, -1/63 HPs)
             Began as a Vine Stalker Hunter on Aug 23, 2022.
             Slain by a kobold
             ... wielding a +0 short sword
              (2 damage)
             ... on level 8 of the Dungeon.
             The game lasted 00:10:55 (4496 turns).

Sobieck the Shooter (Vine Stalker Hunter)           Turns: 4496, Time: 00:10:56

Health: -1/63      AC: 24    Str: 13    XL:     8   Next: 30%
Magic:  0/19       EV:  2    Int:  9    God:
Gold:   72         SH:  0    Dex: 21    Spells: 9/9 levels left

rFire   . . .      SeeInvis +    b - +5 short sword {short}
rCold   . . .      Faith    .    (no shield)
rNeg    . . .      Spirit   +    (body armour currently unavailable)
rPois   +          Reflect  .    (helmet currently unavailable)
rElec   .          Harm     .    (cloak currently unavailable)
rCorr   .          Rampage  .    (gloves currently unavailable)
Will    +....      NoTele   +    (boots currently unavailable)
Stlth   +++.......               (no amulet)
HPRegen 1.00/turn                l - ring of magical power
MPRegen 0.16/turn                u - ring of see invisible

@: tree-form, hasted, very quick
A: stationary, stasis, torment immunity, boosted hp, (fangs 3), regeneration 1,
magic shield, (antimagic bite), no potion heal 2
a: no special abilities


You were on level 8 of the Dungeon.
You were a tree.
You visited 1 branch of the dungeon, and saw 7 of its levels.

You collected 348 gold pieces.
You spent 276 gold pieces at shops.


Innate Abilities, Weirdness & Mutations

You are a tree.
Your roots penetrate the ground, keeping you stationary.
You cannot be teleported.
You are immune to unholy pain and torment.
Your maximum health is greatly increased.
Your equipment is partially melded.
((You have razor-sharp teeth.))
Your natural rate of healing is unusually fast.
When hurt, damage is shared between your health and your magic reserves.
((Your bite disrupts and absorbs the magic of your enemies.))
Potions cannot restore your health.


   Skills:
 + Level 4.2 Fighting
 + Level 3.5 Short Blades
 * Level 6.5 Ranged Weapons
 - Level 1.5 Dodging
 + Level 5.5 Stealth
 - Level 1.0 Spellcasting


You had 9 spell levels left.
You didn't know any spells.
Your spell library contained the following spells:

 Spells                   Type           Power      Damage    Failure   Level
 Slow                     Hex            0%         N/A       36%         1
 Ensorcelled Hibernation  Hex/Ice        0%         N/A       50%         2
 Passwall                 Tmut/Erth      0%         N/A       50%         2
 Confusing Touch          Hex            0%         N/A       73%         3
 Summon Guardian Golem    Hex/Summ       0%         N/A       73%         3
 Swiftness                Air            0%         N/A       73%         3
 Vampiric Draining        Necr           0%         2d6       73%         3
 Orb of Destruction       Conj           0%         9d5       100%        7
 Spellforged Servitor     Conj/Summ      0%         N/A       100%        7

Inventory:

Hand Weapons
 a - a +0 shortbow {bow}
 b - a +5 short sword (weapon) {short}
   (You took it off a kobold on level 1 of the Dungeon)
 j - a +0 dagger {short}
   (You took it off a kobold on level 1 of the Dungeon)
 K - a +2 vorpal flail {mace}
   (You took it off an orc on level 4 of the Dungeon)
 N - a +4 halberd {polearm}
   (You took it off a gnoll on level 4 of the Dungeon)
 R - a +0 rapier {short}
   (You took it off Eustachio on level 5 of the Dungeon)
Missiles
 d - 35 stones {throwing}
 f - 5 silver boomerangs {throwing}
 p - 9 poisoned darts {throwing}
 v - 2 throwing nets {=f!fthrowing}
Armour
 c - a +0 leather armour
 e - a +0 chain mail
   (You found it on level 1 of the Dungeon)
 o - a +0 robe
   (You found it on level 2 of the Dungeon)
 q - a +0 pair of gloves (melded)
   (You found it on level 2 of the Dungeon)
 t - the +7 scale mail of Umyskuox (melded) {Str+3}
   (You took it off a hobgoblin on level 2 of the Dungeon)

   Str:       It affects your strength (+3).
 x - a +0 leather armour
   (You found it on level 2 of the Dungeon)
 y - a +0 robe
   (You took it off an orc wizard on level 2 of the Dungeon)
 z - a +0 plate armour
   (You found it on level 3 of the Dungeon)
 B - a +0 robe
   (You found it on level 3 of the Dungeon)
 C - a +0 leather armour
   (You took it off Duvessa on level 5 of the Dungeon)
 D - a +0 robe
   (You took it off Dowan on level 5 of the Dungeon)
 F - a +0 scale mail
   (You found it on level 3 of the Dungeon)
 G - a +0 robe
   (You took it off an orc wizard on level 5 of the Dungeon)
 I - a +0 leather armour
   (You took it off an orc on level 3 of the Dungeon)
 J - a +0 scale mail
   (You took it off an orc priest on level 3 of the Dungeon)
 L - a +0 robe
   (You took it off an orc wizard on level 5 of the Dungeon)
 M - a +0 ring mail
   (You took it off an orc on level 5 of the Dungeon)
 O - a +0 leather armour
   (You found it on level 4 of the Dungeon)
 P - a +0 plate armour
   (You found it on level 5 of the Dungeon)
 Q - a +0 leather armour
   (You took it off Eustachio on level 5 of the Dungeon)
Jewellery
 l - a ring of magical power (left branch)
   (You bought it in a shop on level 2 of the Dungeon)
 u - a ring of see invisible (right branch)
   (You took it off a hobgoblin on level 2 of the Dungeon)
Wands
 w - a wand of mindburst (14)
   (You found it on level 2 of the Dungeon)
 E - a wand of digging (15)
   (You found it on level 3 of the Dungeon)
Scrolls
 g - a scroll of immolation {!r!r}
 k - a scroll of silence {!r}
 r - a scroll of teleportation {@r4}
 s - 2 scrolls of torment {!r}
 A - a scroll of enchant weapon
Potions
 h - 2 potions of flight
 i - 2 potions of haste {@q3}
 m - 6 potions of curing {@q1}
 n - a potion of lignification {!q}
 H - a potion of ambrosia {unknown}

Dungeon Overview and Level Annotations

Branches:
Dungeon (6/15) Zot: 26961
 Temple: D:4-7

Altars:
Yredelemnul
Zin

Shops:
D:2 *

Annotations:
D:5 2 runed translucent doors, Crazy Yiuf

#########
#.!..?#(.
+.....#.#
###.......##
'.'...).).)<
#.....#.##
#...KK#
#..oK♣##
#...KKh#
#......#
####...#
#...# #...#
#.....
..#...#
#.#...#


You could see 2 kobold brigands, a howler monkey (summoned, catching breath), an
orc wizard (invisible) and 3 kobolds.


Message History

The kobold brigand misses you. The howler monkey hits you.
* * * LOW HITPOINT WARNING * * *
The howler monkey hits you but does no damage. x2
The kobold brigand closely misses you. The jelly misses you.
Unknown command.
Okay, then.
Unknown command.
Really quaff
n - 2 potions of lignification {!q}? [Y]es or [N]o only, please.
Really quaff
n - 2 potions of lignification {!q}? [Y]es or [N]o only, please.
Really quaff
n - 2 potions of lignification {!q}?
Really quaff the potion of lignification?
You turn into a tree.
Your +0 pair of gloves melds into your body.
The +7 scale mail of Umyskuox {Str+3} melds into your body.
Your roots penetrate the ground.
You feel sick.
The howler monkey dissolves into shadows!
The howler monkey hoots and howls with incredible vigour!
The kobold brigand hits you but does no damage.
The howler monkey hits you but does no damage.
The kobold brigand hits you but does no damage.
The jelly hits you but does no damage.
The howler monkey hits you but does no damage.
The kobold brigand barely misses you.
An orc wizard comes into view. It is wielding a +0 dagger.
The howler monkey hits you but does no damage.
You hear an angry hiss.
You hear a shout! x5
Unknown command.
Your system rejects the healing.
You feel better.
The howler monkey hits you but does no damage.
The jelly hits you but does no damage.
The kobold brigand hits you but does no damage.
The kobold hits you but does no damage.
The howler monkey hits you but does no damage.
The kobold brigand hits you but does no damage.
The howler monkey hits you but does no damage.
The kobold hits you but does no damage.
The kobold brigand hits you but does no damage.
The jelly hits you but does no damage.
You feel yourself speed up.
The shadow imp dissolves into shadows!
The jelly dissolves into shadows!
The howler monkey hits you but does no damage.
The kobold brigand hits you with a +0 dagger.
* * * LOW HITPOINT WARNING * * *
The howler monkey hits you but does no damage. x2
The kobold hits you but does no damage.
The kobold brigand hits you with a +0 short sword.
* * * LOW HITPOINT WARNING * * *
The kobold brigand hits you with a +0 dagger.
The kobold hits you with a +0 whip.
Unknown command.
Unknown command.
Unknown command.
You hit the kobold.
You kill the kobold!
The kobold's corpse dissolves into shadows!
The howler monkey hits you but does no damage.
The howler monkey hits you.
* * * LOW HITPOINT WARNING * * *
The kobold brigand hits you but does no damage. x2
The howler monkey hits you.
* * * LOW HITPOINT WARNING * * *
You hit the kobold.
The howler monkey dissolves into shadows!
The kobold brigand hits you but does no damage.
The howler monkey hits you but does no damage.
The kobold barely misses you.
The kobold brigand hits you but does no damage.
Unknown command.
You miss the kobold brigand.
The kobold brigand hits you but does no damage.
The howler monkey barely misses you.
The kobold hits you but does no damage. x3
The kobold brigand hits you with a +0 dagger.
* * * LOW HITPOINT WARNING * * *
You completely miss the kobold brigand.
The howler monkey hits you but does no damage.
The kobold brigand hits you with a +0 short sword.
* * * LOW HITPOINT WARNING * * *
Unknown command.
You puncture the kobold brigand!
The kobold hits you but does no damage. x3
The kobold brigand hits you with a +0 dagger.
* * * LOW HITPOINT WARNING * * *
The howler monkey hoots and howls with incredible vigour!
The kobold brigand hits you but does no damage.
Unknown command.
You hit the kobold brigand.
You feel yourself speed up.
The kobold hits you but does no damage. x2
The kobold brigand hits you with a +0 dagger.
* * * LOW HITPOINT WARNING * * *
The kobold hits you but does no damage.
The orc wizard casts a spell.
The orc wizard flickers and vanishes for a moment.
The howler monkey hits you but does no damage.
The kobold brigand hits you but does no damage.
Unknown command.
You hit the kobold brigand.
The kobold hits you with a +0 short sword.
You die...

Skill      XL: |  1  2  3  4  5  6  7  8 |
---------------+-------------------------+-----
Fighting       | 2 3 4 |  4.2
Stealth        | 2 3 4 5 |  5.5
Spellcasting   | 1 |  1.0
Ranged Weapons | 4 5 6 |  6.5
Short Blades   | 1 2 3 |  3.5
Dodging        | |  1.5

Action                   |  1- 3 |  4- 6 |  7- 9 || total
-------------------------+-------+-------+-------++-------
Melee: Bite              |     6 |    29 |    24 ||    59
       Unarmed           |     1 |       |       ||     1
       Dagger            |     8 |       |       ||     8
       Short sword       |    10 |    85 |    81 ||   176
       Punch             |       |     1 |     1 ||     2
 Fire: Shortbow          |    69 |    72 |    59 ||   200
  Use: Scroll            |       |     9 |     3 ||    12
       Potion            |       |       |     3 ||     3
Armor: Leather armour    |     7 |       |       ||     7
       Scale mail        |       |    40 |    71 ||   111
       Skin              |       |       |    40 ||    40
Dodge: Dodged            |    17 |    49 |    52 ||   118

Levels and vault maps discovered:
D:1:      lemuel_arrival_lava_pool, layout_rooms
D:2:      layout_basic, serial_shops, nicolae_shop_advertising_works
          [nicolae_subvault_shop_adworks], shapermc_ecumenical_altar_hornbeckon,
          nicolae_eternal_life
D:3:      layout_loops_ring, mainiacjoe_overflow_alcove_2
D:4:      layout_loops_ring
D:5:      layout_basic, dk_yredelemnul_ordeal, uniq_crazy_yiuf_cottage,
          uniq_duvessa, uniq_eustachio
D:6:      layout_rooms, serial_shops, shop, moated_statue, bh_walls_and_bars
D:8:      layout_basic, mainiacjoe_overflow_boulevard

Notes
Turn   | Place    | Note
-------+----------+-------------------------------------------
     0 | D:1      | Sobieck the Vine Stalker Hunter began the quest for the
                  | Orb.
     0 | D:1      | Reached XP level 1. HP: 11/11 MP: 2/2
   249 | D:1      | Reached XP level 2. HP: 15/15 MP: 3/3
   279 | D:1      | Reached skill level 2 in Fighting
   389 | D:1      | Reached XP level 3. HP: 18/18 MP: 5/5
   405 | D:1      | Reached skill level 2 in Stealth
   405 | D:1      | Reached skill level 1 in Spellcasting
   480 | D:1      | You pick up a book of Burglary and begin reading...
   480 | D:1      | You add the spells Passwall, Ensorcelled Hibernation and
                  | Swiftness to your library.
   489 | D:1      | Reached skill level 4 in Ranged Weapons
  1181 | D:2      | Found Diefaog's General Store.
  1186 | D:2      | Bought a scroll of teleportation for 36 gold pieces
  1223 | D:2      | Identified the +7 scale mail of Umyskuox {Str+3}
  1230 | D:2      | Gained mutation: Your natural rate of healing is unusually
                  | fast. [Vine Stalker growth]
  1230 | D:2      | Reached XP level 4. HP: 23/23 MP: 6/6
  1620 | D:2      | Found a faded altar of an unknown god.
  1926 | D:2      | Reached skill level 1 in Short Blades
  1943 | D:3      | Reached XP level 5. HP: 27/27 MP: 7/7
  2339 | D:3      | Reached skill level 3 in Stealth
  2391 | D:3      | Found a glowing silver altar of Zin.
  2750 | D:4      | You pick up a book of Debilitation and begin reading...
  2750 | D:4      | You add the spells Slow, Vampiric Draining and Confusing
                  | Touch to your library.
  2789 | D:3      | Reached skill level 3 in Fighting
  2789 | D:3      | Reached XP level 6. HP: 23/32 MP: 4/8
  2969 | D:4      | Reached skill level 5 in Ranged Weapons
  2977 | D:4      | Reached skill level 2 in Short Blades
  3415 | D:5      | Entered Level 5 of the Dungeon
  3497 | D:5      | Reached skill level 4 in Stealth
  3497 | D:5      | Reached XP level 7. HP: 36/36 MP: 9/9
  3565 | D:2      | Bought a ring of magical power for 240 gold pieces
  3845 | D:5      | Noticed Duvessa
  3885 | D:5      | Noticed Dowan
  3890 | D:5      | Killed Duvessa
  3910 | D:5      | Reached skill level 6 in Ranged Weapons
  3919 | D:5      | Killed Dowan
  3920 | D:5      | Reached skill level 3 in Short Blades
  3959 | D:5      | Reached skill level 5 in Stealth
  3971 | D:5      | Gained mutation: You have razor-sharp teeth. [Vine Stalker
                  | growth]
  3971 | D:5      | Reached XP level 8. HP: 42/42 MP: 10/10
  3989 | D:5      | You pick up a book of Dangerous Friends and begin
                  | reading...
  3989 | D:5      | You add the spells Summon Guardian Golem, Orb of
                  | Destruction and Spellforged Servitor to your library.
  4072 | D:5      | Found a runed translucent door.
  4082 | D:5      | Reached skill level 4 in Fighting
  4096 | D:5      | Found a basalt altar of Yredelemnul.
  4152 | D:5      | Noticed Eustachio
  4166 | D:5      | Killed Eustachio
  4215 | D:5      | Found a runed translucent door.
  4216 | D:5      | Noticed Crazy Yiuf
  4462 | D:6      | You fall into a shaft and drop 2 floors!
  4486 | D:8      | HP: 10/42 [howler monkey[a kobold] (1)]
  4492 | D:8      | HP: 7/63 [kobold brigand/+0 dagger (3)]
  4495 | D:8      | HP: 1/63 [kobold brigand/+0 dagger (5)]
  4496 | D:8      | Slain by a kobold

Vanquished Creatures
  Eustachio (D:5)
  Duvessa (D:5)
  An ogre (D:5)
  Dowan (D:5)
  2 howler monkeys
  3 jellies (D:5)
  2 orc priests (D:3)
  2 human skeletons (D:5)
  3 orc wizards
  16 gnolls
  7 adders
  3 worms
  3 dart slugs
  15 orcs
  6 ball pythons
  5 bats
  11 endoplasms
  6 goblins
  6 hobgoblins
  8 jackals
  10 kobolds
  4 quokkas
  A frilled lizard (D:1)
  7 rats
124 creatures vanquished.

Table legend:
 A = Non-vault XP
 B = Vault XP
 C = Vault XP percentage of total XP
 D = Non-vault monster count
 E = Vault monster count
 F = Vault count percentage of total count
                 A         B        C        D         E       F
            +---------+---------+-------+---------+---------+-------
      Total |    1070 |     484 |  31.1 |     119 |       5 |   4.0
            +---------+---------+-------+---------+---------+-------
        D:1 |      49 |       0 |   0.0 |      28 |       0 |   0.0
        D:2 |     101 |       0 |   0.0 |      23 |       0 |   0.0
        D:3 |     196 |       0 |   0.0 |      25 |       0 |   0.0
        D:4 |     188 |       0 |   0.0 |      17 |       0 |   0.0
        D:5 |     515 |     484 |  48.4 |      21 |       5 |  19.2
        D:6 |      13 |       0 |   0.0 |       1 |       0 |   0.0
        D:8 |       8 |       0 |   0.0 |       4 |       0 |   0.0
            +---------+---------+-------+---------+---------+-------

Illustrated notes

Table legend:
 A = Kills in this place as a percentage of kills in entire the game.
 B = Kills by you in this place as a percentage of kills by you in the entire game.
 C = Kills by friends in this place as a percentage of kills by friends in the entire game.
 D = Other kills in this place as a percentage of other kills in the entire game.
 E = Experience gained in this place as a percentage of experience gained in the entire game.
 F = Experience gained in this place divided by the number of levels of this place that you have seen.
                   A       B       C       D       E      F
               +-------+-------+-------+-------+-------+----------------------
         Total | 100.0 | 100.0 |   N/A |   N/A | 100.0 | 222.0
       Dungeon | 100.0 | 100.0 |   N/A |   N/A | 100.0 | 222.0
               +-------+-------+-------+-------+-------+----------------------

Table legend: (Time is in decaauts)
 A = Elapsed time spent in this place.
 B = Non-inter-level travel time spent in this place.
 C = Inter-level travel time spent in this place.
 D = Time resting spent in this place.
 E = Time spent auto-exploring this place.
 F = Levels seen in this place.
 G = Mean time per level.
                   A        B        C        D        E       F      G
               +--------+--------+--------+--------+--------+-----+--------+
         Total |   4552 |   4272 |    280 |    131 |   3273 |   7 |  650.3 |
       Dungeon |   4552 |   4272 |    280 |    131 |   3273 |   7 |  650.3 |
               +--------+--------+--------+--------+--------+-----+--------+

Top non-repeatable levels by time:
     D:2: 1329 daAuts
     D:3: 892 daAuts
     D:5: 889 daAuts
     D:1: 690 daAuts
     D:4: 689 daAuts
     D:8: 38 daAuts
     D:6: 22 daAuts
